AoeStats
← TM Caesar

Arena

507134338Analyzed
1v1 RM · 17d ago on Sep 16, 2026· 48m 20s· 2 players
Game mode
Random Map
Map size
Tiny (2 player)
Population
200
Speed
Normal
Resources
Standard
Victory
Conquest
Starting age
Dark Age
Ending age
Imperial Age
RankedLock teamsTeams togetherTeam positionsShared explorationLock speedFull tech treeHidden civsTurbo modeCheats
Victory
Defeat
🇦🇷 Magyars · Argentina
1750
+18
🇲🇽 Spanish · Mexico
1786
-18
TM Caesar
10:43 Feudal Age
14:51 Castle Age
12:49 Horse Collar
13:24 Double-Bit Axe
14:26 Fletching
15:03 Crossbowman
19:07 Bodkin Arrow
22:49 Wheelbarrow
23:23 Ballistics
25:07 Loom
25:36 Bow Saw
25:26 Heavy Plow
26:24 Gold Mining
27:14 Stone Mining
27:30 Loom
31:38 Imperial Age
29:15 Padded Archer Armor
29:50 Hand Cart
29:43 Husbandry
30:13 Bloodlines
30:50 Leather Archer Armor
31:49 Thumb Ring
32:30 Gold Shaft Mining
31:52 Town Watch
32:39 Conscription
32:34 Bracer
33:26 Scale Barding Armor
33:00 Light Cavalry
34:25 Parthian Tactics
34:35 Masonry
34:51 Chain Barding Armor
36:30 Plate Barding Armor
36:12 Hussar
36:50 Elite Skirmisher
39:04 Chemistry
39:39 Ring Archer Armor
39:44 Heavy Cavalry Archer
41:28 Recurve Bow
41:53 Siege Engineers
46:59 Two-Man Saw
45:50 Stone Mining
49:07 Hoardings
48:33 Treadmill Crane
VENÓN | BOTZANGA
8:23 Loom
11:02 Feudal Age
14:39 Castle Age
12:58 Double-Bit Axe
13:21 Horse Collar
17:01 Bow Saw
18:06 Padded Archer Armor
24:41 Wheelbarrow
26:51 Hand Cart
26:22 Loom
30:10 Imperial Age
28:39 Scale Barding Armor
28:56 Leather Archer Armor
28:43 Gold Mining
28:44 Stone Mining
29:07 Fletching
31:27 Bodkin Arrow
30:54 Elite Skirmisher
31:39 Thumb Ring
32:14 Bracer
34:24 Chemistry
34:21 Ring Archer Armor
35:16 Scale Barding Armor
37:05 Chain Barding Armor
38:42 Ballistics
38:00 Elite Conquistador
38:19 Light Cavalry
39:09 Bloodlines
38:59 Husbandry
39:37 Plate Barding Armor
39:48 Forging
39:55 Hussar
42:15 Iron Casting
43:42 Heavy Plow
46:21 Blast Furnace
47:53 Ballistics
Connection lost

Rejoining the realm…

Still unreachable

The connection could not be restored.

Session expired

The server has moved on; the page needs a fresh start.